AoeStats
← PILLOSAURIO

Arabia

510504395Analyzed
1v1 RM · 16h ago on Oct 1, 2026· 36m 56s· 2 players
Game mode
Random Map
Map size
Tiny (2 player)
Population
200
Speed
Normal
Resources
Standard
Victory
Conquest
Starting age
Dark Age
Ending age
Imperial Age
RankedLock teamsTeams togetherTeam positionsShared explorationLock speedFull tech treeHidden civsTurbo modeCheats
Victory
Defeat
🇮🇳 Tupi · India
1329
+17
🇪🇸 Byzantines · Spain
1346
-17
micky
5:14 Loom
8:51 Feudal Age
9:36 Gold Mining
9:26 Champi Runner
20:56 Castle Age
19:05 Double-Bit Axe
19:20 Gold Mining
19:38 Fletching
19:48 Padded Archer Armor
19:40 Horse Collar
21:03 Crossbowman
21:38 Bodkin Arrow
22:09 Bow Saw
22:29 Squires
22:26 Champi Warrior
23:46 Scale Mail Armor
25:46 Forging
28:02 Wheelbarrow
27:13 Town Watch
28:13 Chain Mail Armor
28:29 Arson
29:33 Heavy Plow
31:30 Iron Casting
38:49 Imperial Age
37:41 Hand Cart
PILLOSAURIO
7:10 Loom
9:09 Feudal Age
9:49 Double-Bit Axe
18:05 Horse Collar
20:56 Castle Age
20:29 Padded Archer Armor
20:53 Fletching
23:03 Elite Skirmisher
24:08 Bodkin Arrow
25:53 Bow Saw
27:33 Leather Archer Armor
28:40 Heavy Plow
32:17 Ballistics
33:27 Husbandry
33:34 Scale Barding Armor
33:29 Gold Mining
36:23 Forging
36:50 Chain Barding Armor
Connection lost

Rejoining the realm…

Still unreachable

The connection could not be restored.

Session expired

The server has moved on; the page needs a fresh start.